 Dungeon Crawl Stone Soup version 0.23.2-40-g277498a001 (webtiles) character file.

Game seed: 12506319593789040201

38360 MisterOstroum the Peltast (level 13, -2/125 HPs)
             Began as a Minotaur Fighter on Aug 28, 2019.
             Was a High Priest of Trog.
             Killed by divine providence
             ... invoked by an orc priest
              (11 damage)
             ... on level 2 of the Orcish Mines on Aug 29, 2019.
             The game lasted 00:44:57 (18771 turns).

MisterOstroum the Peltast (Minotaur Fighter)       Turns: 18771, Time: 00:44:58

Health: -2/125     AC: 30    Str: 26    XL:     13   Next: 63%
Magic:  15/15      EV:  5    Int:  5    God:    Trog [*****.]
Gold:   2024       SH: 14    Dex: 14    Spells: 12/12 levels left

rFire    + . .     SeeInvis .   a - +3 hand axe (elec)
rCold    + . .     Gourm    +   c - +0 shield
rNeg     . . .     Faith    .   k - +0 gold dragon scales
rPois    +         Spirit   .   R - +2 hat {MR+}
rElec    .         Reflect  .   B - +2 cloak {rPois}
rCorr    .         Harm     .   p - +0 pair of gloves
MR       +++..                  y - +0 pair of boots
Stlth    ..........             X - amulet of the gourmand
HPRegen  1.30/turn              H - +4 ring of dexterity
MPRegen  0.14/turn              x - +4 ring of protection

@: berserk cooldown, regenerating, slowed, very slow
A: retaliatory headbutt, horns 2
a: Berserk, Trog's Hand, Brothers in Arms, Renounce Religion


You were on level 2 of the Orcish Mines.
You worshipped Trog.
Trog was extremely pleased with you.
You were very full.

You visited 4 branches of the dungeon, and saw 19 of its levels.
You also visited: Bailey.

You collected 2024 gold pieces.

Inventory:

Hand Weapons
 a - a +3 hand axe of electrocution (weapon)
 o - a +1 war axe of freezing
 M - a +4 antimagic broad axe
Missiles
 g - 10 tomahawks (quivered)
 l - 4 silver tomahawks
 D - 5 tomahawks of returning
 E - 8 javelins
 W - 6 poisoned tomahawks
 Y - 6 poisoned javelins
Armour
 c - a +0 shield (worn)
 k - +0 gold dragon scales (worn)
 p - a +0 pair of gloves (worn)
 y - a +0 pair of boots (worn)
 B - a +2 cloak of poison resistance (worn)
 R - a +2 hat of magic resistance (worn)
Jewellery
 j - an uncursed ring of flight
 x - a +4 ring of protection (right hand)
 H - a +4 ring of dexterity (left hand)
 L - an uncursed ring of protection from fire
 X - an amulet of the gourmand (around neck)
Wands
 b - a wand of polymorph (9)
 N - a wand of disintegration (17)
 O - a wand of enslavement (8)
 U - a wand of acid (10)
 V - a wand of paralysis (17)
Scrolls
 f - 3 scrolls of fear {unknown}
 i - 3 scrolls of magic mapping {@r5 !r}
 m - 5 scrolls of remove curse {@r2}
 n - 7 scrolls of teleportation {@r3 !r}
 q - 6 scrolls of enchant armour {unknown}
 r - 4 scrolls of blinking {unknown}
 s - 4 scrolls of vulnerability {unknown}
 w - 3 scrolls of enchant weapon
 A - a scroll of fog {!r}
 J - a scroll of brand weapon
 K - 2 scrolls of immolation
 T - 3 scrolls of acquirement
Potions
 d - 3 potions of might {@q3 !q}
 h - a potion of brilliance
 t - 6 potions of magic
 u - 2 potions of haste {@q4 !q}
 v - 2 potions of flight
 z - 5 potions of curing {@q1 !q}
 C - 4 potions of lignification {@q6}
 F - 4 potions of agility
 G - a potion of resistance
 I - 6 potions of heal wounds {@q2 !q}
 S - a potion of ambrosia
Comestibles
 e - 38 rations
 P - 14 chunks of flesh


   Skills:
 * Level 14.8 Fighting
 * Level 14.2 Axes
 - Level 11.0 Armour
 - Level 15.0 Shields
 + Level 4.2 Evocations


You had 12 spell levels left.
You didn't know any spells.
Your spell library was empty.

Dungeon Overview and Level Annotations

Branches:
Dungeon (11/15)            Temple (1/1) D:5            Lair (5/6) D:11
  Swamp (0/4) Lair:2       Spider (0/4) Lair:4        Slime (0/5) Lair:5
    Orc (2/2) D:9             Elf (0/3) Orc:2

Altars:
Ashenzari
Cheibriados
Elyvilon
Fedhas
Gozag
Hepliaklqana
Kikubaaqudgha
Makhleb
Nemelex Xobeh
Okawaru
Qazlal
Ru
Sif Muna
Trog
Uskayaw
Vehumet
Wu Jian
Zin

Shops:
D:7 (

Annotations:
D:11 exclusion: 3 oklob plants
Lair:5 exclusion: 4 oklob plants


Innate Abilities, Weirdness & Mutations

You reflexively headbutt those who attack you in melee.
You have a pair of horns on your head.


Message History

You feel somewhat less full. The orc hits you but does no damage.
You block the orc priest's attack.
The orc priest miscasts a cantrip.
The orc warrior hits you but does no damage.
The orc priest calls down the wrath of Beogh upon you.
Beogh smites you! The orc closely misses you. You furiously retaliate!
You headbutt the orc!
You kill the orc!
Trog accepts your kill.
You slash the orc priest!
Lightning courses through the orc priest!
You kill the orc priest!
Trog accepts your kill.
Your gold dragon scales prevents you from hitting the orc warrior.
You hit the orc but do no damage. Lightning courses through the orc!
You kill the orc!
Trog accepts your kill.
The orc priest looks encouraged for a moment.
You block the orc warrior's attack.
The orc warrior hits you but does no damage.
The orc priest miscasts a cantrip.
You block the orc warrior's attack. You block the orc priest's attack.
You closely miss the orc priest.
The orc priest is moderately wounded.
Your gold dragon scales prevents you from hitting the orc warrior.
You hit the orc warrior.
Lightning courses through the orc warrior!
The orc priest mumbles some strange prayers to Beogh against you.
Beogh smites you!
The orc priest calls down the wrath of Beogh upon you.
Beogh smites you! You block the orc warrior's attack.
The orc priest begins to cast a cantrip, but forgets the words!
You block the orc warrior's attack.
Really read
A - 2 scrolls of fog {!r}?
As you read the scroll of fog {!r}, it crumbles to dust.
The scroll dissolves into smoke.
You block the orc priest's attack.
The orc priest calls down the wrath of Beogh upon you.
Beogh smites you!
* * * LOW HITPOINT WARNING * * *
The orc priest begins to cast a cantrip, but forgets the words!
The orc warrior hits you with a +0 morningstar!
* * * LOW HITPOINT WARNING * * *
The orc warrior hits you with a +0 hand axe!
* * * LOW HITPOINT WARNING * * *
The orc priest calls upon Beogh to heal the orc warrior.
The orc warrior is healed somewhat.
The orc priest hits you but does no damage.
Okay, then.
Okay, then.
Your skin crawls.
You feel resistant to hostile enchantments.
You feel somewhat less full.
The orc priest enters a dispersal trap!
The orc blinks!
The orc warrior blinks!
The orc priest blinks!
You blink.
The orc priest blinks!
An orc warrior comes into view. It is wielding a +0 battleaxe.
The orc priest enters a dispersal trap!
The orc priest blinks! x2
The orc warrior blinks! x3; The orc priest blinks!
You blink.
The orc priest blinks!
The orc warrior moves out of view.
The orc priest hits you but does no damage. x2
The orc enters a dispersal trap!
The orc priest blinks!
You blink.
You block the orc priest's attack. You block the orc warrior's attack.
The orc priest looks encouraged for a moment.
The orc warrior completely misses you.
The orc priest hits you but does no damage.
You slash the orc priest! You headbutt the orc priest!
You kill the orc priest!
Trog accepts your kill.
You hit the orc warrior.
Lightning courses through the orc warrior!
You hit the orc warrior but do no damage.
Lightning courses through the orc warrior!
You closely miss the orc priest.
Your gold dragon scales prevents you from hitting the orc priest.
The orc priest mumbles some strange prayers to Beogh against you.
Beogh smites you!
* * * LOW HITPOINT WARNING * * *
The orc priest casts a cantrip, but nothing happens.
The orc warrior hits you but does no damage.
You hit the orc priest.
The orc priest is moderately wounded.
You hit the orc warrior. You closely miss the orc warrior.
Your gold dragon scales prevents you from hitting the orc priest.
You hit the orc priest but do no damage.
The orc priest hits you but does no damage.
You block the orc priest's attack. x2; The orc warrior barely misses you.
You slash the orc priest!
You kill the orc priest!
Trog accepts your kill.
You hit the orc warrior but do no damage. x2
Lightning courses through the orc warrior!
You kill the orc warrior!
Trog accepts your kill.
You hit the orc warrior but do no damage.
You hit the orc priest.
You hit the orc priest but do no damage.
The orc priest hits you but does no damage.
You block the orc priest's attack. You block the orc warrior's attack.
The orc priest invokes the aid of Beogh against you.
Beogh smites you!
You die...

....## #........................#
......##.........................
.oo....#.....o..................#
o#.#.#.#........................#
o....§..........................#
..o...§)........................#
.ooo.))))o...§...................
.#o#.#)#.§§...§ooo...............
....o..#.§.o§§§§@)...............
.....##..).o§o§o§.......#.#....#
....## #....§§§o§§...............
..## #....§§§§§...............#
## #....§§§§§................
##########..o§§§§...............#
.................................
................................#
.................................


You could see 2 orc warriors and 5 orc priests.

Vanquished Creatures
  Kirke (Lair:5)
  Snorg (Lair:3)
  An ettin (Orc:2)
  2 hydras (Lair:1)
  A two-headed ogre (D:10)
  A tengu warrior (D:10)
  A deep elf knight (Bailey)
  Urug (Orc:2)
  2 unseen horrors (D:10)
  Pikel (D:9)
  2 orc knights (Orc:1)
  An ugly thing (D:11)
  An orc sorcerer (Orc:1)
  11 deep elf magi (Bailey)
  2 black mambas (Lair:5)
  An eye of devastation (Lair:5)
  A gargoyle (D:11)
  5 spiny frogs
  A rime drake (Lair:5)
  4 komodo dragons
  3 polar bears (Lair:4)
  5 trolls
  15 hippogriffs
  7 blink frogs (Lair:5)
  2 bog bodies (Lair:2)
  3 redbacks (Lair:4)
  A vampire (D:9)
  9 yaks
  A shadow (D:11)
  6 basilisks
  2 wyverns
  A hog (Lair:5)
  3 hungry ghosts
  Duvessa (D:4)
  8 water moccasins
  4 porcupines
  An ice beast (D:11)
  2 black bears
  2 slaves (D:9)
  An eye of draining (Lair:5)
  3 necrophages
  17 orc warriors
  5 sky beasts
  6 ogres
  4 phantoms
  10 crocodiles
  6 centaurs
  4 wolves (Lair:4)
  Blork the orc (D:6)
  12 bullfrogs
  Dowan (D:4)
  A wyvern zombie (D:8)
  2 scorpions
  2 troll zombies (D:9)
  6 killer bees (D:7)
  3 howler monkeys
  12 wights
  3 electric eels
  2 crimson imps
  A quasit (D:8)
  5 hounds
  13 orc priests
  A centaur skeleton (D:9)
  17 orc wizards
  7 iguanas
  7 worker ants
  4 ogre zombies (D:9)
  A hound zombie (D:11)
  A worker ant zombie (D:9)
  3 gnolls (D:7)
  10 adders
  2 shadow imps
  3 oozes
  2 adder skeletons
  6 worms
  2 dart slugs (D:1)
  6 leopard geckos
  73 orcs
  3 giant cockroaches
  5 goblins
  7 hobgoblins
  14 jackals
  8 kobolds
  3 quokkas
  5 bats
  4 frilled lizards
  2 goblin skeletons (D:9)
  3 goblin zombies (D:9)
  2 hobgoblin skeletons (D:9)
  2 hobgoblin zombies (D:9)
  7 orc zombies (D:9)
  A quokka skeleton (D:5)
  11 rats
  2 butterflies (Lair:2)
  3 fungi
  3 plants
467 creatures vanquished.

Vanquished Creatures (others)
  A leopard gecko skeleton (D:9)
  An orc skeleton (D:9)
  2 orc zombies (D:9)
  3 butterflies (Lair:5)
  A plant (Lair:5)
8 creatures vanquished.

Grand Total: 475 creatures vanquished

Notes
Turn   | Place    | Note
-------+----------+-------------------------------------------
     0 | D:1      | MisterOstroum the Minotaur Fighter began the quest for the
                  | Orb.
     0 | D:1      | Reached XP level 1. HP: 19/19 MP: 0/0
    32 | D:1      | Reached XP level 2. HP: 25/27 MP: 1/1
   331 | D:1      | Reached skill level 4 in Shields
   331 | D:1      | Reached XP level 3. HP: 31/33 MP: 2/2
   634 | D:2      | You fall through a shaft for 2 floors!
  1007 | D:2      | Reached XP level 4. HP: 26/41 MP: 3/3
  1176 | D:2      | You fall through a shaft for 2 floors!
  1389 | D:2      | Noticed a +0 hand axe
  1390 | D:2      | Noticed a +0 dagger
  1391 | D:2      | Found a hide-covered altar of Uskayaw.
  1466 | D:2      | Reached skill level 5 in Fighting
  2094 | D:3      | Reached XP level 5. HP: 48/48 MP: 4/4
  2470 | D:4      | Noticed Duvessa
  2471 | D:4      | Noticed Dowan
  2613 | D:5      | Entered Level 5 of the Dungeon
  2755 | D:5      | Found a staircase to the Ecumenical Temple.
  2769 | Temple   | Entered the Ecumenical Temple
  2909 | Temple   | Became a worshipper of Trog the Wrathful
  2936 | D:5      | Noticed an orc warrior
  2968 | D:5      | Killed an orc warrior
  2968 | D:5      | Reached skill level 5 in Axes
  3200 | D:5      | Reached skill level 5 in Shields
  3200 | D:5      | Reached XP level 6. HP: 47/56 MP: 5/5
  3807 | D:5      | Reached skill level 5 in Armour
  4119 | D:6      | Reached XP level 7. HP: 36/61 MP: 6/6
  4130 | D:6      | Reached * piety under Trog
  4339 | D:4      | Killed Duvessa
  4346 | D:4      | Killed Dowan
  4725 | D:6      | Noticed Blork the orc
  4735 | D:6      | Killed Blork the orc
  4735 | D:6      | Reached XP level 8. HP: 69/73 MP: 7/7
  5296 | D:7      | Noticed a hippogriff
  5311 | D:7      | Killed a hippogriff
  5710 | D:7      | Reached ** piety under Trog
  5821 | D:7      | Reached XP level 9. HP: 79/84 MP: 8/8
  6085 | D:7      | Reached skill level 10 in Axes
  6122 | D:7      | Found Xafon's Weapon Shoppe.
  6141 | D:7      | Reached skill level 10 in Fighting
  6418 | D:8      | Reached skill level 6 in Shields
  6761 | D:8      | Reached skill level 7 in Shields
  7238 | D:8      | Reached XP level 10. HP: 92/93 MP: 9/9
  7270 | D:9      | Reached *** piety under Trog
  7301 | D:9      | Noticed Pikel
  7313 | D:9      | Killed Pikel
  7313 | D:9      | Reached skill level 8 in Shields
  7400 | D:9      | Found a staircase to the Orcish Mines.
  7591 | D:9      | Reached skill level 9 in Shields
  7814 | D:9      | Reached **** piety under Trog
  8652 | D:10     | Entered Level 10 of the Dungeon
  8797 | D:10     | Reached skill level 10 in Armour
  8816 | D:10     | Reached skill level 10 in Shields
  8901 | D:10     | Found a flagged portal.
  8917 | Bailey   | Entered a bailey
  8923 | Bailey   | Noticed a deep elf mage
  8929 | Bailey   | Killed a deep elf mage
  8929 | Bailey   | Reached skill level 11 in Shields
  8949 | Bailey   | Noticed a deep elf mage
  8954 | Bailey   | Killed a deep elf mage
  8954 | Bailey   | Reached XP level 11. HP: 100/100 MP: 10/10
  8955 | Bailey   | Noticed a deep elf mage
  8955 | Bailey   | Noticed a deep elf mage
  8955 | Bailey   | Noticed a deep elf mage
  8955 | Bailey   | Noticed a deep elf mage
  8955 | Bailey   | Noticed a deep elf mage
  8958 | Bailey   | Killed a deep elf mage
  8985 | Bailey   | Killed a deep elf mage
  8985 | Bailey   | Reached skill level 12 in Shields
  8985 | Bailey   | Killed a deep elf mage
  9001 | Bailey   | Killed a deep elf mage
  9007 | Bailey   | Killed a deep elf mage
  9201 | Bailey   | Noticed a deep elf mage
  9201 | Bailey   | Noticed a deep elf mage
  9201 | Bailey   | Noticed a deep elf mage
  9201 | Bailey   | Noticed a deep elf mage
  9212 | Bailey   | Killed a deep elf mage
  9212 | Bailey   | Reached skill level 13 in Shields
  9226 | Bailey   | Killed a deep elf mage
  9228 | Bailey   | Noticed a sun demon
  9532 | Bailey   | Killed a deep elf mage
  9541 | Bailey   | Killed a deep elf mage
  9712 | Bailey   | Noticed a deep elf knight
  9724 | Bailey   | Killed a deep elf knight
  9724 | Bailey   | Reached skill level 14 in Shields
  9850 | D:10     | Noticed a two-headed ogre
  9866 | D:10     | Killed a two-headed ogre
  9968 | D:10     | Noticed a tengu warrior
  9979 | D:10     | Killed a tengu warrior
 10115 | D:10     | Killed an unseen horror
 10115 | D:10     | Reached skill level 15 in Shields
 10439 | D:10     | Killed an unseen horror
 10952 | D:11     | Reached XP level 12. HP: 110/110 MP: 11/11
 11025 | D:11     | Found a staircase to the Lair.
 11044 | D:11     | Paralysed by a floating eye for 3 turns
 11063 | D:11     | Paralysed by a floating eye for 3 turns
 11551 | D:11     | Reached ***** piety under Trog
 12105 | Lair:1   | Entered Level 1 of the Lair of Beasts
 12145 | Lair:1   | Noticed an eight-headed hydra
 12155 | Lair:1   | Killed an 11-headed hydra
 12655 | Lair:1   | Noticed a six-headed hydra
 12662 | Lair:1   | Killed an eight-headed hydra
 12662 | Lair:1   | Received a gift from Trog
 13291 | Lair:2   | Found a staircase to the Swamp.
 13606 | Lair:2   | Received a gift from Trog
 13831 | Lair:2   | Identified 3 scrolls of acquirement
 14239 | Lair:3   | Noticed Snorg
 14254 | Lair:3   | Killed Snorg
 14254 | Lair:3   | Reached skill level 1 in Evocations
 15122 | Lair:4   | Found a hole to the Spider Nest.
 15305 | Lair:4   | Found a snail-covered altar of Cheibriados.
 15667 | Lair:4   | Reached XP level 13. HP: 122/122 MP: 13/13
 15930 | Lair:5   | Found a staircase to the Slime Pits.
 16282 | Lair:5   | Noticed Kirke
 16297 | Lair:5   | Killed Kirke
 17359 | Orc:1    | Entered Level 1 of the Orcish Mines
 17482 | Orc:2    | Entered Level 2 of the Orcish Mines
 17494 | Orc:2    | Received a gift from Trog
 17575 | Orc:2    | Noticed Urug
 17596 | Orc:2    | Killed Urug
 18551 | Orc:2    | Noticed an ettin
 18558 | Orc:2    | Killed an ettin
 18657 | Orc:2    | Found a staircase to the Elven Halls.
 18771 | Orc:2    | Killed from afar by an orc priest

Skill      XL: |  1  2  3  4  5  6  7  8  9 10 11 12 13 |
---------------+----------------------------------------+-----
Fighting       | 4 5 7 9 10 11 13 14 | 14.8
Axes           | 3 4 5 7 9 10 12 14 | 14.2
Shields        | 4 5 7 11 15 | 15.0
Armour         | 4 5 7 10 11 | 11.0
Evocations     | 2 4 |  4.2

Action                   |  1- 3 |  4- 6 |  7- 9 | 10-12 | 13-15 || total
-------------------------+-------+-------+-------+-------+-------++-------
Melee: War axe           |   109 |   151 |   246 |   488 |       ||   994
       Headbutt          |    19 |    28 |    42 |   162 |    67 ||   318
       Hand axe          |       |       |       |   111 |   239 ||   350
Throw: Stone             |    39 |   114 |   135 |   145 |       ||   433
       Tomahawk          |       |       |       |   126 |    46 ||   172
       Javelin           |       |       |       |     2 |       ||     2
Invok: Berserk           |       |       |     3 |    14 |     6 ||    23
       Trog's Hand       |       |       |       |     2 |     3 ||     5
  Use: Potion            |       |     4 |       |     2 |       ||     6
       Scroll            |       |       |     6 |    17 |     1 ||    24
  Eat: Chunk             |     1 |     6 |    15 |    39 |    17 ||    78
       Ration            |       |     1 |       |     3 |       ||     4
Armor: Scale mail        |    11 |    31 |       |       |       ||    42
       Gold dragon scale |    54 |    50 |   181 |   383 |    73 ||   741
Dodge: Dodged            |    13 |    26 |    24 |    93 |    31 ||   187
Block: Shield            |    66 |    94 |    85 |   157 |   116 ||   518
       Buckler           |       |       |    28 |    74 |       ||   102
